[ AOE2 MATCH · #483979561 ]
UnrankedBulgarians vs Franks
[ REPLAY ANALYSIS · EXTRACTED FROM THE RECORDED GAME ]
Feudal
13:56
Castle
24:53
Imperial
—
| APM avg | 17.3 |
| APM peak | 33 |
| eAPM avg | 11.9 |
| Villagers / military | 132 / 35 |
Focus
⚔️ 12.9% · 🌾 87.1%
Konnik ×23 · Militia ×12
Feudal
10:46
Castle
24:26
Imperial
41:13
| APM avg | 23.6 |
| APM peak | 50 |
| eAPM avg | 11.0 |
| Villagers / military | 91 / 70 |
Focus
⚔️ 32.0% · 🌾 68.0%
Knight ×26 · Cavalry Archer ×18 · Scout Cavalry ×14 · Spearman ×8 · Tarkan ×4
Feudal
11:34
Castle
20:34
Imperial
—
| APM avg | 13.9 |
| APM peak | 39 |
| eAPM avg | 10.3 |
| Villagers / military | 49 / 41 |
Focus
⚔️ 16.0% · 🌾 84.0%
Spearman ×37 · Knight ×4
Feudal
11:49
Castle
23:34
Imperial
—
| APM avg | 8.8 |
| APM peak | 27 |
| eAPM avg | 6.4 |
| Villagers / military | 61 / 63 |
Focus
⚔️ 38.8% · 🌾 61.2%
Spearman ×30 · Knight ×20 · Camel Scout ×13
Feudal
12:39
Castle
16:39
Imperial
34:25
| APM avg | 25.8 |
| APM peak | 63 |
| eAPM avg | 13.8 |
| Villagers / military | 100 / 55 |
Focus
⚔️ 24.1% · 🌾 75.9%
Leitis ×47 · Monk ×4 · Bombard Cannon ×4
Feudal
12:13
Castle
17:16
Imperial
39:22
| APM avg | 46.0 |
| APM peak | 149 |
| eAPM avg | 12.9 |
| Villagers / military | 90 / 53 |
Focus
⚔️ 28.9% · 🌾 71.1%
Monaspa ×36 · Cavalry Archer ×12 · Trebuchet (Packed) ×3 · Monk ×2
Match map
Initial resources + every placement click. Lines = walls · curves = elevation contours. ◆ gold · ⬟ stone · ● berries · ✦ relic · ◌ wall gap
Your base· Open — unwalled flank
Hz.Jesus's base· ✓ Closed at 24:26 · 89t walls · 1 gate(s)
TheClangers's base· Open — 8t gap
theclimber2121's base· Open — unwalled flank
RADAMANTHYZ's base· ✓ Closed at 16:39 · 46t walls · no gate
SIUUUUUUUUUUUU's base· Open — 10t gap
Smoothed initial terrain · ◌ = detected wall gap · hover for details
Inputs per minute
— KingYankee1 - - Hz.Jesus
Build order — KingYankee1
First 150 of 294 actions detected
| 0:07 | Build | House |
| 0:08 | Build | House |
| 0:15 | Create | Villager (Male) |
| 0:15 | Create | Villager (Male) |
| 0:16 | Create | Villager (Male) |
| 0:16 | Create | Villager (Male) |
| 1:10 | Build | Lumber Camp |
| 1:56 | Create | Villager (Male) |
| 2:03 | Research | Loom |
| 2:41 | Create | Villager (Male) |
| 3:09 | Create | Villager (Male) |
| 4:00 | Create | Villager (Male) |
| 4:18 | Create | Villager (Male) |
| 4:32 | Build | House |
| 4:44 | Create | Villager (Male) |
| 5:26 | Build | Mill |
| 5:32 | Create | Villager (Male) |
| 5:41 | Create | Villager (Male) |
| 6:32 | Create | Villager (Male) |
| 6:50 | Create | Villager (Male) |
| 6:51 | Create | Villager (Male) |
| 7:01 | Build | House |
| 7:29 | Build | Barracks |
| 7:53 | Create | Villager (Male) |
| 7:54 | Create | Villager (Male) |
| 8:28 | Build | Mining Camp |
| 8:30 | Create | Militia |
| 8:32 | Create | Militia |
| 8:37 | Create | Villager (Male) |
| 8:50 | Build | Mining Camp |
| 8:54 | Build | Farm |
| 8:58 | Create | Villager (Male) |
| 9:31 | Create | Villager (Male) |
| 9:39 | Build | House |
| 9:47 | Build | Farm |
| 9:52 | Build | Farm |
| 10:20 | Build | House |
| 10:23 | Create | Villager (Male) |
| 10:31 | Build | Farm |
| 10:37 | Build | Farm |
| 10:59 | Build | House |
| 11:10 | Create | Villager (Male) |
| 11:46 | Research | Feudal Age |
| 12:02 | Build | House |
| 12:04 | Build | House |
| 12:12 | Build | Palisade Wall |
| 12:19 | Create | Militia |
| 12:52 | Create | Militia |
| 13:40 | Create | Militia |
| 13:56 | Age | Feudal Age |
| 14:07 | Build | Blacksmith |
| 14:17 | Build | Market |
| 14:32 | Research | Arson |
| 14:39 | Create | Villager (Male) |
| 14:50 | Research | Wheelbarrow |
| 14:55 | Research | Double-Bit Axe |
| 15:27 | Create | Villager (Male) |
| 16:00 | Create | Militia |
| 16:01 | Create | Militia |
| 16:57 | Create | Militia |
| 16:57 | Create | Militia |
| 17:05 | Research | Scale Mail Armor |
| 17:07 | Create | Villager (Male) |
| 17:08 | Create | Villager (Male) |
| 17:22 | Build | Farm |
| 17:23 | Build | Farm |
| 17:24 | Build | Farm |
| 17:40 | Create | Militia |
| 18:01 | Create | Militia |
| 18:22 | Create | Villager (Male) |
| 18:42 | Create | Villager (Male) |
| 18:43 | Create | Villager (Male) |
| 18:49 | Research | Gold Mining |
| 19:16 | Create | Militia |
| 20:03 | Create | Villager (Male) |
| 20:03 | Create | Villager (Male) |
| 20:09 | Build | Farm |
| 20:11 | Build | Farm |
| 20:15 | Build | Farm |
| 20:53 | Create | Villager (Male) |
| 20:54 | Create | Villager (Male) |
| 20:57 | Build | Farm |
| 21:17 | Build | Farm |
| 22:13 | Research | Castle Age |
| 22:18 | Build | House |
| 22:19 | Build | House |
| 22:23 | Build | House |
| 22:34 | Build | Stone Wall |
| 22:57 | Research | Scale Barding Armor |
| 23:01 | Research | Forging |
| 24:53 | Age | Castle Age |
| 24:56 | Research | Hand Cart |
| 24:59 | Research | Bow Saw |
| 25:22 | Build | Town Center |
| 25:39 | Build | Gate |
| 25:55 | Research | Horse Collar |
| 25:57 | Build | Farm |
| 25:59 | Create | Villager (Male) |
| 26:22 | Create | Villager (Male) |
| 26:31 | Create | Villager (Male) |
| 26:31 | Create | Villager (Male) |
| 26:36 | Build | Farm |
| 26:38 | Build | Farm |
| 26:40 | Create | Villager (Male) |
| 26:42 | Create | Villager (Male) |
| 26:59 | Create | Villager (Male) |
| 27:02 | Create | Villager (Male) |
| 27:14 | Build | Krepost |
| 27:19 | Research | Stone Mining |
| 27:21 | Create | Villager (Male) |
| 27:24 | Create | Villager (Male) |
| 27:25 | Create | Villager (Male) |
| 27:36 | Build | Farm |
| 27:37 | Build | Farm |
| 27:38 | Build | Farm |
| 27:43 | Build | Farm |
| 27:47 | Build | Farm |
| 27:52 | Create | Villager (Male) |
| 27:54 | Create | Villager (Male) |
| 27:54 | Create | Villager (Male) |
| 28:29 | Build | Town Center |
| 28:32 | Create | Villager (Male) |
| 28:34 | Create | Villager (Male) |
| 28:34 | Create | Villager (Male) |
| 28:50 | Create | Villager (Male) |
| 29:14 | Create | Villager (Male) |
| 29:16 | Create | Villager (Male) |
| 29:32 | Build | Town Center |
| 29:34 | Create | Konnik |
| 29:34 | Create | Konnik |
| 29:35 | Create | Konnik |
| 29:40 | Research | Iron Casting |
| 29:44 | Create | Villager (Male) |
| 30:00 | Create | Villager (Male) |
| 30:05 | Build | Farm |
| 30:06 | Build | Farm |
| 30:11 | Build | Farm |
| 30:12 | Build | Farm |
| 30:16 | Build | Farm |
| 30:21 | Create | Villager (Male) |
| 30:22 | Create | Villager (Male) |
| 30:22 | Create | Villager (Male) |
| 30:25 | Create | Konnik |
| 30:36 | Create | Villager (Male) |
| 30:37 | Create | Villager (Male) |
| 30:47 | Research | Chain Barding Armor |
| 30:54 | Build | Farm |
| 31:02 | Build | Farm |
| 31:04 | Create | Villager (Male) |
| 31:20 | Create | Villager (Male) |
Build order — Hz.Jesus
First 150 of 257 actions detected
| 0:03 | Research | Loom |
| 0:06 | Create | Villager (Male) |
| 0:06 | Create | Villager (Male) |
| 0:06 | Create | Villager (Male) |
| 0:06 | Create | Villager (Male) |
| 1:26 | Create | Villager (Male) |
| 2:03 | Create | Villager (Male) |
| 2:22 | Create | Villager (Male) |
| 2:53 | Create | Villager (Male) |
| 3:04 | Create | Villager (Male) |
| 3:05 | Create | Villager (Male) |
| 3:28 | Build | Palisade Wall |
| 3:58 | Create | Villager (Male) |
| 3:58 | Create | Villager (Male) |
| 4:20 | Build | Palisade Wall |
| 4:38 | Create | Villager (Male) |
| 5:14 | Create | Villager (Male) |
| 5:14 | Create | Villager (Male) |
| 5:48 | Build | Palisade Wall |
| 5:55 | Build | Palisade Gate |
| 6:10 | Create | Villager (Male) |
| 6:35 | Create | Villager (Male) |
| 6:54 | Build | Lumber Camp |
| 6:57 | Create | Villager (Male) |
| 6:57 | Create | Villager (Male) |
| 7:51 | Create | Villager (Male) |
| 8:01 | Build | Mill |
| 8:36 | Research | Feudal Age |
| 9:06 | Build | Mill |
| 9:21 | Build | Palisade Wall |
| 9:23 | Build | Palisade Wall |
| 9:26 | Build | Palisade Wall |
| 10:05 | Build | Barracks |
| 10:46 | Age | Feudal Age |
| 10:50 | Create | Villager (Male) |
| 10:50 | Create | Villager (Male) |
| 11:02 | Build | Stone Wall |
| 11:07 | Build | Stable |
| 11:13 | Create | Villager (Male) |
| 11:50 | Research | Double-Bit Axe |
| 11:51 | Create | Villager (Male) |
| 12:02 | Create | Scout Cavalry |
| 12:03 | Create | Scout Cavalry |
| 12:03 | Create | Scout Cavalry |
| 12:22 | Build | Stone Wall |
| 12:33 | Build | Stable |
| 12:56 | Build | Stone Wall |
| 13:26 | Create | Scout Cavalry |
| 13:26 | Create | Scout Cavalry |
| 13:28 | Create | Scout Cavalry |
| 13:28 | Create | Scout Cavalry |
| 13:37 | Build | Blacksmith |
| 13:52 | Build | Mining Camp |
| 14:05 | Create | Villager (Male) |
| 14:05 | Create | Villager (Male) |
| 14:14 | Build | Farm |
| 14:19 | Create | Villager (Male) |
| 14:36 | Build | Farm |
| 14:40 | Build | Farm |
| 15:05 | Create | Villager (Male) |
| 15:05 | Create | Villager (Male) |
| 15:11 | Build | Farm |
| 15:13 | Build | Farm |
| 15:23 | Build | Farm |
| 15:55 | Create | Villager (Male) |
| 15:55 | Create | Villager (Male) |
| 16:35 | Create | Villager (Male) |
| 16:35 | Create | Villager (Male) |
| 16:40 | Build | Mining Camp |
| 16:45 | Build | Farm |
| 16:46 | Build | Farm |
| 16:47 | Build | Farm |
| 16:50 | Build | Farm |
| 16:51 | Create | Villager (Male) |
| 17:13 | Build | Farm |
| 17:37 | Build | Farm |
| 17:45 | Build | Stone Wall |
| 17:55 | Create | Villager (Male) |
| 18:03 | Build | Farm |
| 18:09 | Build | Archery Range |
| 18:35 | Create | Villager (Male) |
| 18:35 | Create | Villager (Male) |
| 18:39 | Build | Farm |
| 19:06 | Build | Farm |
| 19:07 | Create | Villager (Male) |
| 19:07 | Create | Villager (Male) |
| 20:26 | Build | Farm |
| 20:27 | Build | Farm |
| 20:29 | Build | Farm |
| 20:30 | Build | Farm |
| 20:31 | Create | Villager (Male) |
| 20:32 | Create | Villager (Male) |
| 21:04 | Create | Villager (Male) |
| 21:27 | Build | Farm |
| 21:36 | Research | Castle Age |
| 21:50 | Build | Archery Range |
| 21:59 | Build | Mill |
| 22:12 | Research | Forging |
| 22:38 | Build | Stable |
| 22:49 | Build | Farm |
| 22:55 | Research | Gold Mining |
| 22:56 | Research | Stone Mining |
| 23:11 | Build | Lumber Camp |
| 24:06 | Research | Horse Collar |
| 24:22 | Build | Stone Wall |
| 24:25 | Build | Stone Wall |
| 24:26 | Age | Castle Age |
| 24:30 | Research | Light Cavalry (upgrade) |
| 24:34 | Research | Bloodlines |
| 24:37 | Create | Knight |
| 24:37 | Create | Knight |
| 24:37 | Create | Knight |
| 24:38 | Create | Knight |
| 24:38 | Create | Knight |
| 24:41 | Create | Villager (Male) |
| 24:41 | Create | Villager (Male) |
| 24:41 | Create | Villager (Male) |
| 25:03 | Build | Town Center |
| 25:51 | Research | Scale Barding Armor |
| 25:52 | Research | Iron Casting |
| 25:54 | Create | Villager (Male) |
| 25:54 | Create | Villager (Male) |
| 25:54 | Create | Villager (Male) |
| 26:04 | Create | Villager (Male) |
| 26:04 | Create | Villager (Male) |
| 26:04 | Create | Villager (Male) |
| 26:10 | Build | Farm |
| 26:13 | Build | Farm |
| 26:14 | Build | Farm |
| 27:30 | Build | Town Center |
| 27:38 | Create | Knight |
| 27:38 | Create | Knight |
| 27:38 | Create | Knight |
| 27:39 | Create | Knight |
| 27:40 | Create | Scout Cavalry |
| 27:40 | Create | Scout Cavalry |
| 27:41 | Create | Scout Cavalry |
| 27:41 | Create | Scout Cavalry |
| 27:41 | Create | Scout Cavalry |
| 27:41 | Create | Scout Cavalry |
| 27:41 | Create | Scout Cavalry |
| 27:45 | Create | Villager (Male) |
| 27:46 | Create | Villager (Male) |
| 28:14 | Build | Stone Wall |
| 29:03 | Create | Cavalry Archer |
| 29:03 | Create | Cavalry Archer |
| 29:03 | Create | Cavalry Archer |
| 29:03 | Create | Cavalry Archer |
| 29:04 | Create | Cavalry Archer |
| 29:04 | Create | Cavalry Archer |
Build order — TheClangers
134 actions detected in the replay
| 0:02 | Build | House |
| 0:05 | Build | House |
| 0:07 | Create | Villager (Male) |
| 0:07 | Create | Villager (Male) |
| 0:08 | Create | Villager (Male) |
| 0:08 | Create | Villager (Male) |
| 0:08 | Create | Villager (Male) |
| 1:36 | Create | Villager (Male) |
| 1:36 | Create | Villager (Male) |
| 1:55 | Build | Lumber Camp |
| 2:12 | Create | Villager (Male) |
| 2:12 | Create | Villager (Male) |
| 2:46 | Create | Villager (Male) |
| 3:08 | Create | Villager (Male) |
| 3:08 | Create | Villager (Male) |
| 3:18 | Build | House |
| 3:33 | Create | Villager (Male) |
| 4:07 | Create | Villager (Male) |
| 4:07 | Create | Villager (Male) |
| 4:12 | Create | Villager (Male) |
| 4:12 | Create | Villager (Male) |
| 4:47 | Create | Villager (Male) |
| 4:47 | Create | Villager (Male) |
| 5:45 | Create | Villager (Male) |
| 5:45 | Create | Villager (Male) |
| 5:45 | Create | Villager (Male) |
| 5:45 | Create | Villager (Male) |
| 5:45 | Create | Villager (Male) |
| 5:46 | Create | Villager (Male) |
| 6:06 | Build | Mill |
| 7:20 | Build | House |
| 8:20 | Create | Villager (Male) |
| 8:21 | Create | Villager (Male) |
| 9:24 | Research | Feudal Age |
| 9:48 | Build | House |
| 9:50 | Build | House |
| 9:52 | Build | House |
| 10:03 | Build | House |
| 10:04 | Build | House |
| 10:07 | Build | House |
| 10:15 | Build | Mining Camp |
| 10:24 | Create | Villager (Male) ×5 |
| 10:25 | Create | Villager (Male) |
| 10:25 | Create | Villager (Male) |
| 10:59 | Build | Barracks |
| 11:34 | Age | Feudal Age |
| 12:05 | Build | Stable |
| 12:50 | Build | Farm |
| 13:07 | Build | Farm |
| 13:42 | Build | Farm |
| 14:02 | Build | Blacksmith |
| 14:26 | Build | Farm |
| 14:28 | Build | Farm |
| 14:35 | Research | Double-Bit Axe |
| 14:52 | Build | Farm |
| 14:55 | Build | Farm |
| 14:58 | Build | Farm |
| 15:07 | Create | Villager (Male) |
| 15:08 | Create | Villager (Male) |
| 15:29 | Build | Farm |
| 15:35 | Build | Farm |
| 16:24 | Build | Farm |
| 16:28 | Build | Farm |
| 16:34 | Build | Farm |
| 16:38 | Build | Farm |
| 16:43 | Build | Farm |
| 16:47 | Create | Villager (Male) |
| 16:50 | Create | Villager (Male) |
| 17:00 | Build | Lumber Camp |
| 17:23 | Build | Farm |
| 17:51 | Build | Farm |
| 17:55 | Research | Castle Age |
| 18:40 | Create | Spearman |
| 18:41 | Create | Spearman |
| 18:41 | Create | Spearman |
| 19:16 | Create | Spearman |
| 20:34 | Age | Castle Age |
| 21:18 | Create | Knight ×2 |
| 21:18 | Create | Knight ×2 |
| 22:26 | Research | Scale Barding Armor |
| 22:28 | Research | Forging |
| 22:39 | Build | Town Center |
| 23:50 | Build | Siege Workshop |
| 24:01 | Create | Villager (Male) ×5 |
| 24:02 | Create | Villager (Male) |
| 26:04 | Build | Town Center |
| 28:12 | Research | Scale Mail Armor |
| 28:39 | Build | House |
| 28:52 | Build | House |
| 28:54 | Build | House |
| 28:57 | Build | House |
| 28:58 | Build | House |
| 29:00 | Build | House |
| 29:07 | Build | Farm |
| 29:12 | Build | Farm |
| 29:14 | Create | Villager (Male) |
| 29:15 | Create | Villager (Male) |
| 29:19 | Build | Farm |
| 29:25 | Build | Farm |
| 30:03 | Build | Market |
| 30:42 | Build | House |
| 30:44 | Build | House |
| 30:47 | Build | House |
| 31:05 | Build | Barracks |
| 31:08 | Build | Barracks |
| 31:11 | Create | Villager (Male) |
| 31:11 | Create | Villager (Male) |
| 31:11 | Create | Villager (Male) |
| 32:04 | Build | Barracks |
| 32:45 | Create | Spearman ×4 |
| 32:45 | Create | Spearman ×4 |
| 33:30 | Build | Farm |
| 33:38 | Create | Spearman |
| 33:38 | Create | Spearman |
| 34:43 | Build | House |
| 34:47 | Build | House |
| 35:20 | Build | Mill |
| 35:30 | Build | Farm |
| 35:37 | Build | Farm |
| 36:08 | Build | Mining Camp |
| 36:49 | Build | Town Center |
| 37:19 | Create | Spearman ×5 |
| 37:19 | Create | Spearman ×5 |
| 38:26 | Create | Spearman ×5 |
| 38:26 | Create | Spearman ×5 |
| 39:11 | Research | Pikeman (upgrade) |
| 39:21 | Build | Farm |
| 39:21 | Build | Farm |
| 39:22 | Build | Farm |
| 39:49 | Create | Spearman ×3 |
| 39:57 | Build | Farm |
| 40:06 | Build | Farm |
| 40:14 | Build | Farm |
| 40:17 | Build | Farm |
Build order — theclimber2121
First 150 of 163 actions detected
| 0:08 | Create | Villager (Male) ×4 |
| 0:14 | Build | House |
| 1:06 | Build | House |
| 1:53 | Create | Villager (Male) |
| 2:23 | Create | Villager (Male) |
| 2:23 | Create | Villager (Male) |
| 2:54 | Create | Villager (Male) |
| 3:04 | Create | Villager (Male) |
| 3:39 | Create | Villager (Male) |
| 3:39 | Create | Villager (Male) |
| 3:45 | Create | Villager (Male) |
| 4:05 | Create | Villager (Male) |
| 4:16 | Build | House |
| 4:38 | Build | House |
| 4:44 | Create | Villager (Male) |
| 4:56 | Build | Mill |
| 5:16 | Create | Villager (Male) |
| 5:17 | Create | Villager (Male) |
| 5:17 | Create | Villager (Male) |
| 5:31 | Build | Lumber Camp |
| 7:00 | Build | Farm |
| 7:00 | Build | Farm |
| 7:26 | Create | Villager (Male) |
| 7:26 | Create | Villager (Male) |
| 7:26 | Create | Villager (Male) |
| 9:39 | Research | Feudal Age |
| 10:02 | Build | House |
| 10:27 | Build | Farm |
| 10:28 | Build | Farm |
| 10:28 | Build | Farm |
| 10:29 | Build | Farm |
| 10:49 | Build | Farm |
| 11:12 | Build | House |
| 11:40 | Create | Villager (Male) |
| 11:40 | Create | Villager (Male) |
| 11:40 | Create | Villager (Male) |
| 11:41 | Create | Villager (Male) |
| 11:43 | Create | Villager (Male) |
| 11:49 | Age | Feudal Age |
| 11:59 | Build | Barracks |
| 12:15 | Research | Double-Bit Axe |
| 12:20 | Research | Horse Collar |
| 13:03 | Create | Spearman |
| 13:03 | Create | Spearman |
| 13:04 | Create | Spearman |
| 13:05 | Create | Spearman |
| 13:27 | Build | Farm |
| 13:40 | Build | Farm |
| 14:02 | Build | Lumber Camp |
| 14:10 | Create | Villager (Male) ×5 |
| 14:41 | Create | Spearman |
| 14:41 | Create | Spearman |
| 14:57 | Build | Farm |
| 15:18 | Build | Mining Camp |
| 16:36 | Create | Spearman |
| 16:36 | Create | Spearman |
| 16:36 | Create | Spearman |
| 16:36 | Create | Spearman |
| 16:38 | Create | Spearman |
| 16:51 | Build | House |
| 17:27 | Build | Farm |
| 18:30 | Build | Blacksmith |
| 19:15 | Build | Stable |
| 20:54 | Research | Castle Age |
| 21:11 | Build | Stable |
| 21:20 | Build | House |
| 22:06 | Build | House |
| 22:29 | Build | Stable |
| 22:39 | Research | Scale Barding Armor |
| 22:40 | Research | Forging |
| 22:58 | Build | Farm |
| 23:34 | Age | Castle Age |
| 23:38 | Create | Knight ×5 |
| 23:41 | Create | Knight |
| 23:52 | Research | Pikeman (upgrade) |
| 23:53 | Create | Spearman |
| 23:53 | Create | Spearman |
| 23:54 | Create | Spearman |
| 23:55 | Create | Spearman |
| 23:56 | Create | Spearman |
| 24:57 | Research | Chain Barding Armor |
| 25:04 | Create | Villager (Male) ×5 |
| 26:32 | Create | Villager (Male) |
| 26:47 | Build | Town Center |
| 27:21 | Create | Spearman |
| 27:21 | Create | Spearman |
| 27:21 | Create | Spearman |
| 27:57 | Build | Farm |
| 28:44 | Create | Villager (Male) |
| 28:44 | Create | Villager (Male) |
| 28:45 | Create | Villager (Male) |
| 28:45 | Create | Villager (Male) |
| 28:45 | Create | Villager (Male) |
| 28:45 | Create | Villager (Male) |
| 28:49 | Create | Villager (Male) |
| 28:49 | Create | Villager (Male) |
| 28:49 | Create | Villager (Male) |
| 28:49 | Create | Villager (Male) |
| 28:50 | Create | Villager (Male) |
| 29:29 | Research | Bow Saw |
| 30:38 | Build | House |
| 32:34 | Create | Knight |
| 32:34 | Create | Knight |
| 32:34 | Create | Knight |
| 32:34 | Create | Knight |
| 32:35 | Create | Knight |
| 32:35 | Create | Knight |
| 32:35 | Create | Knight |
| 32:35 | Create | Knight |
| 32:36 | Create | Knight |
| 32:42 | Create | Spearman |
| 32:42 | Create | Spearman |
| 32:42 | Create | Spearman |
| 32:42 | Create | Spearman |
| 32:43 | Create | Spearman |
| 33:43 | Create | Spearman |
| 33:43 | Create | Spearman |
| 34:01 | Build | Mining Camp |
| 34:20 | Build | House |
| 34:25 | Create | Spearman |
| 34:25 | Create | Spearman |
| 34:25 | Create | Spearman |
| 34:26 | Create | Spearman |
| 35:15 | Build | House |
| 35:16 | Build | House |
| 35:18 | Build | House |
| 35:19 | Build | House |
| 35:22 | Build | House |
| 35:52 | Build | Stone Wall |
| 36:11 | Create | Villager (Male) ×5 |
| 36:18 | Create | Villager (Male) ×5 |
| 36:41 | Create | Knight |
| 36:42 | Create | Knight |
| 37:26 | Create | Knight |
| 37:27 | Create | Knight |
| 37:27 | Create | Knight |
| 37:41 | Create | Camel Scout |
| 37:41 | Create | Camel Scout |
| 37:42 | Create | Camel Scout |
| 37:42 | Create | Camel Scout |
| 37:42 | Create | Camel Scout |
| 37:42 | Create | Camel Scout |
| 37:43 | Create | Camel Scout |
| 37:45 | Create | Camel Scout |
| 37:46 | Create | Camel Scout |
| 38:34 | Build | Stable |
| 38:41 | Create | Camel Scout |
| 38:41 | Create | Camel Scout |
| 38:43 | Create | Camel Scout |
| 38:44 | Create | Camel Scout |
Build order — RADAMANTHYZ
First 150 of 275 actions detected
| 0:00 | Create | Villager (Male) |
| 0:01 | Create | Villager (Male) |
| 0:01 | Create | Villager (Male) |
| 0:03 | Build | House |
| 0:05 | Build | House |
| 0:56 | Create | Villager (Male) |
| 0:56 | Create | Villager (Male) |
| 0:56 | Create | Villager (Male) |
| 0:57 | Create | Villager (Male) |
| 1:39 | Create | Villager (Male) |
| 1:40 | Create | Villager (Male) |
| 2:16 | Build | Mill |
| 2:20 | Create | Villager (Male) |
| 2:20 | Create | Villager (Male) |
| 2:21 | Create | Villager (Male) |
| 2:21 | Create | Villager (Male) |
| 2:53 | Create | Villager (Male) |
| 2:53 | Create | Villager (Male) |
| 2:54 | Create | Villager (Male) |
| 3:19 | Create | Villager (Male) |
| 3:19 | Create | Villager (Male) |
| 3:19 | Create | Villager (Male) |
| 3:41 | Build | House |
| 3:53 | Research | Loom |
| 3:57 | Create | Villager (Male) |
| 3:57 | Create | Villager (Male) |
| 4:48 | Create | Villager (Male) |
| 4:48 | Create | Villager (Male) |
| 4:49 | Create | Villager (Male) |
| 4:49 | Create | Villager (Male) |
| 5:25 | Build | House |
| 5:52 | Create | Villager (Male) |
| 5:53 | Create | Villager (Male) |
| 6:10 | Create | Villager (Male) |
| 6:32 | Create | Villager (Male) |
| 6:32 | Create | Villager (Male) |
| 6:58 | Create | Villager (Male) |
| 6:58 | Create | Villager (Male) |
| 7:10 | Build | House |
| 7:19 | Build | Palisade Wall |
| 7:39 | Build | Lumber Camp |
| 9:05 | Build | Palisade Wall |
| 9:08 | Build | Palisade Wall |
| 9:11 | Build | Palisade Wall |
| 9:19 | Build | Palisade Wall |
| 9:23 | Build | Palisade Wall |
| 9:28 | Build | Palisade Wall |
| 9:32 | Build | Palisade Wall |
| 9:39 | Create | Villager (Male) |
| 9:39 | Create | Villager (Male) |
| 9:49 | Build | Mining Camp |
| 10:03 | Research | Feudal Age |
| 10:54 | Build | Mill |
| 11:24 | Build | House |
| 11:41 | Build | Mining Camp |
| 12:39 | Age | Feudal Age |
| 12:45 | Build | Market |
| 13:26 | Build | Blacksmith |
| 13:34 | Create | Villager (Male) |
| 13:34 | Create | Villager (Male) |
| 13:46 | Research | Horse Collar |
| 13:55 | Research | Castle Age |
| 14:07 | Build | Farm |
| 14:09 | Build | Farm |
| 14:10 | Build | Farm |
| 14:32 | Build | Farm |
| 14:50 | Build | Farm |
| 14:59 | Build | Farm |
| 15:12 | Build | Farm |
| 15:27 | Build | Farm |
| 15:48 | Research | Double-Bit Axe |
| 16:33 | Research | Wheelbarrow |
| 16:39 | Age | Castle Age |
| 17:17 | Build | Gate |
| 17:23 | Build | Town Center |
| 17:31 | Create | Villager (Male) |
| 17:31 | Create | Villager (Male) |
| 18:13 | Build | Farm |
| 18:30 | Create | Villager (Male) |
| 18:30 | Create | Villager (Male) |
| 18:42 | Create | Villager (Male) |
| 18:42 | Create | Villager (Male) |
| 18:43 | Create | Villager (Male) |
| 18:43 | Create | Villager (Male) |
| 18:43 | Create | Villager (Male) |
| 18:52 | Create | Villager (Male) |
| 19:21 | Build | Castle |
| 19:49 | Create | Villager (Male) |
| 19:51 | Create | Villager (Male) |
| 19:53 | Create | Villager (Male) |
| 19:53 | Create | Villager (Male) |
| 20:06 | Research | Fletching |
| 20:54 | Build | Lumber Camp |
| 21:02 | Create | Villager (Male) |
| 21:02 | Create | Villager (Male) |
| 21:02 | Create | Villager (Male) |
| 21:08 | Create | Villager (Male) |
| 21:08 | Create | Villager (Male) |
| 21:15 | Build | Farm |
| 21:16 | Build | Farm |
| 21:18 | Build | Farm |
| 21:57 | Research | Heavy Plow |
| 22:03 | Build | Farm |
| 22:05 | Build | Farm |
| 22:06 | Build | Farm |
| 22:18 | Build | Farm |
| 22:20 | Build | Farm |
| 22:23 | Build | Farm |
| 22:30 | Build | Farm |
| 22:32 | Build | Farm |
| 22:41 | Create | Villager (Male) |
| 22:41 | Create | Villager (Male) |
| 22:43 | Create | Villager (Male) |
| 22:44 | Create | Villager (Male) |
| 23:27 | Create | Leitis |
| 23:27 | Create | Leitis |
| 23:27 | Create | Leitis |
| 23:28 | Create | Leitis |
| 24:00 | Build | Castle |
| 25:23 | Create | Villager (Male) |
| 25:23 | Create | Villager (Male) |
| 25:23 | Create | Villager (Male) |
| 25:27 | Create | Villager (Male) |
| 25:27 | Create | Villager (Male) |
| 25:27 | Create | Villager (Male) |
| 25:33 | Build | Farm |
| 25:34 | Build | Farm |
| 25:35 | Build | Farm |
| 25:36 | Build | Farm |
| 25:38 | Build | Farm |
| 25:40 | Build | Farm |
| 25:42 | Build | Farm |
| 25:43 | Build | Farm |
| 25:47 | Create | Villager (Male) |
| 25:47 | Create | Villager (Male) |
| 25:49 | Create | Villager (Male) |
| 25:49 | Create | Villager (Male) |
| 26:02 | Create | Leitis |
| 26:02 | Create | Leitis |
| 26:02 | Create | Leitis |
| 26:03 | Create | Leitis |
| 26:03 | Create | Leitis |
| 26:04 | Create | Leitis |
| 26:04 | Create | Leitis |
| 26:04 | Create | Leitis |
| 26:04 | Create | Leitis |
| 26:23 | Build | Town Center |
| 26:41 | Research | Bodkin Arrow |
| 26:59 | Build | Farm |
| 27:00 | Build | Farm |
Build order — SIUUUUUUUUUUUU
First 150 of 241 actions detected
| 0:02 | Create | Villager (Male) |
| 0:03 | Create | Villager (Male) |
| 0:03 | Create | Villager (Male) |
| 0:03 | Create | Villager (Male) |
| 0:03 | Create | Villager (Male) |
| 0:06 | Build | House |
| 0:08 | Build | House |
| 1:25 | Create | Villager (Male) |
| 1:53 | Create | Villager (Male) |
| 1:53 | Create | Villager (Male) |
| 2:21 | Create | Villager (Male) |
| 2:21 | Create | Villager (Male) |
| 2:37 | Create | Villager (Male) |
| 2:37 | Create | Villager (Male) |
| 3:12 | Create | Villager (Male) |
| 3:12 | Create | Villager (Male) |
| 3:32 | Build | House |
| 3:45 | Create | Villager (Male) |
| 3:45 | Create | Villager (Male) |
| 4:03 | Create | Villager (Male) |
| 4:04 | Create | Villager (Male) |
| 4:19 | Build | Mill |
| 4:24 | Create | Villager (Male) |
| 4:24 | Create | Villager (Male) |
| 4:48 | Create | Villager (Male) |
| 5:12 | Create | Villager (Male) |
| 5:43 | Build | House |
| 5:46 | Create | Villager (Male) |
| 5:46 | Create | Villager (Male) |
| 5:49 | Create | Villager (Male) |
| 6:12 | Create | Villager (Male) |
| 6:12 | Create | Villager (Male) |
| 6:40 | Create | Villager (Male) |
| 7:11 | Build | House |
| 7:30 | Create | Villager (Male) |
| 7:30 | Create | Villager (Male) |
| 8:05 | Create | Villager (Male) |
| 8:05 | Create | Villager (Male) |
| 8:05 | Create | Villager (Male) |
| 8:24 | Research | Loom |
| 8:36 | Create | Villager (Male) |
| 8:36 | Create | Villager (Male) |
| 8:37 | Create | Villager (Male) |
| 9:14 | Research | Feudal Age |
| 9:14 | Research | Feudal Age |
| 9:26 | Build | Mule Cart |
| 10:06 | Create | Villager (Male) |
| 10:06 | Create | Villager (Male) |
| 10:51 | Build | House |
| 11:53 | Build | Farm |
| 11:56 | Build | Farm |
| 12:13 | Age | Feudal Age |
| 12:14 | Build | Market |
| 12:16 | Build | Blacksmith |
| 12:31 | Build | Farm |
| 12:33 | Build | Farm |
| 12:35 | Build | Farm |
| 12:36 | Build | Farm |
| 12:37 | Build | Farm |
| 12:39 | Build | Farm |
| 12:45 | Create | Villager (Male) |
| 12:54 | Build | Farm |
| 12:59 | Build | Farm |
| 12:59 | Build | Farm |
| 12:59 | Build | Farm |
| 13:00 | Build | Farm |
| 13:47 | Build | Farm |
| 14:36 | Research | Castle Age |
| 15:02 | Research | Horse Collar |
| 15:37 | Build | House |
| 15:45 | Build | House |
| 15:53 | Build | House |
| 16:05 | Build | House |
| 16:10 | Build | Palisade Wall |
| 16:48 | Build | Watch Tower |
| 17:16 | Build | Barracks |
| 17:16 | Age | Castle Age |
| 17:32 | Create | Villager (Male) |
| 17:32 | Create | Villager (Male) |
| 17:40 | Build | Monastery |
| 17:47 | Build | Stable |
| 17:55 | Build | Archery Range |
| 18:00 | Create | Villager (Male) |
| 18:00 | Create | Villager (Male) |
| 18:14 | Create | Monk |
| 18:25 | Build | House |
| 18:32 | Create | Cavalry Archer |
| 18:32 | Create | Cavalry Archer |
| 18:33 | Create | Cavalry Archer |
| 18:33 | Create | Cavalry Archer |
| 18:48 | Create | Villager (Male) |
| 18:56 | Build | House |
| 19:09 | Research | Fletching |
| 19:54 | Create | Villager (Male) |
| 19:54 | Create | Villager (Male) |
| 19:54 | Create | Villager (Male) |
| 20:04 | Create | Cavalry Archer |
| 20:06 | Research | Padded Archer Armor |
| 20:44 | Build | House |
| 20:47 | Create | Villager (Male) |
| 20:47 | Create | Villager (Male) |
| 20:49 | Create | Cavalry Archer |
| 21:37 | Create | Cavalry Archer |
| 21:49 | Build | Siege Workshop |
| 22:11 | Research | Bodkin Arrow |
| 22:16 | Create | Cavalry Archer |
| 22:30 | Create | Villager (Male) |
| 22:42 | Create | Villager (Male) |
| 23:03 | Build | House |
| 23:04 | Build | House |
| 23:54 | Build | Town Center |
| 24:03 | Research | Leather Archer Armor |
| 24:57 | Create | Cavalry Archer |
| 24:57 | Create | Cavalry Archer |
| 25:31 | Create | Villager (Male) |
| 25:32 | Create | Villager (Male) |
| 25:32 | Create | Villager (Male) |
| 25:32 | Create | Villager (Male) |
| 25:35 | Create | Cavalry Archer |
| 25:35 | Create | Cavalry Archer |
| 26:31 | Build | Mule Cart |
| 26:34 | Create | Villager (Male) |
| 26:35 | Create | Villager (Male) |
| 26:35 | Create | Villager (Male) |
| 26:35 | Create | Villager (Male) |
| 26:35 | Create | Villager (Male) |
| 26:36 | Create | Villager (Male) |
| 26:36 | Create | Villager (Male) |
| 26:36 | Create | Villager (Male) |
| 27:48 | Build | Castle |
| 28:11 | Build | Stable |
| 28:15 | Create | Villager (Male) |
| 28:16 | Create | Villager (Male) |
| 28:16 | Create | Villager (Male) |
| 28:16 | Create | Villager (Male) |
| 28:16 | Create | Villager (Male) |
| 28:16 | Create | Villager (Male) |
| 28:38 | Create | Monk |
| 29:00 | Build | Monastery |
| 29:05 | Research | Scale Barding Armor |
| 29:29 | Create | Monaspa |
| 29:29 | Create | Monaspa |
| 29:37 | Build | Farm |
| 29:37 | Build | Farm |
| 29:37 | Build | Farm |
| 29:37 | Build | Farm |
| 29:38 | Build | Farm |
| 29:54 | Create | Monaspa |
| 29:54 | Create | Monaspa |
| 30:14 | Research | Double-Bit Axe |
Match timeline
| 3:28 | Hz.Jesus · wall_segment Palisade Wall x3 |
| 4:20 | Hz.Jesus · wall_segment Palisade Wall x6 |
| 5:48 | Hz.Jesus · wall_segment Palisade Wall x27 |
| 7:19 | RADAMANTHYZ · wall_segment Palisade Wall x2 |
| 7:29 | KingYankee1 · first_building Barracks |
| 9:05 | RADAMANTHYZ · wall_segment Palisade Wall x6 |
| 9:08 | RADAMANTHYZ · wall_segment Palisade Wall x7 |
| 9:11 | RADAMANTHYZ · wall_segment Palisade Wall x4 |
| 9:19 | RADAMANTHYZ · wall_segment Palisade Wall x2 |
| 9:21 | Hz.Jesus · wall_segment Palisade Wall x6 |
| 9:23 | Hz.Jesus · wall_segment Palisade Wall x1 |
| 9:23 | RADAMANTHYZ · wall_segment Palisade Wall x13 |
| 9:26 | Hz.Jesus · wall_segment Palisade Wall x1 |
| 9:28 | RADAMANTHYZ · wall_segment Palisade Wall x8 |
| 9:32 | RADAMANTHYZ · wall_segment Palisade Wall x5 |
| 10:05 | Hz.Jesus · first_building Barracks |
| 10:46 | Hz.Jesus · age_up feudal |
| 10:59 | TheClangers · first_building Barracks |
| 11:02 | Hz.Jesus · wall_segment Stone Wall x13 |
| 11:07 | Hz.Jesus · first_building Stable |
| 11:34 | TheClangers · age_up feudal |
| 11:49 | theclimber2121 · age_up feudal |
| 11:59 | theclimber2121 · first_building Barracks |
| 12:05 | TheClangers · first_building Stable |
| 12:12 | KingYankee1 · wall_segment Palisade Wall x3 |
| 12:13 | SIUUUUUUUUUUUU · age_up feudal |
| 12:22 | Hz.Jesus · wall_segment Stone Wall x10 |
| 12:39 | RADAMANTHYZ · age_up feudal |
| 12:56 | Hz.Jesus · wall_segment Stone Wall x12 |
| 13:56 | KingYankee1 · age_up feudal |
| 16:10 | SIUUUUUUUUUUUU · wall_segment Palisade Wall x1 |
| 16:39 | RADAMANTHYZ · age_up castle |
| 17:16 | SIUUUUUUUUUUUU · first_building Barracks |
| 17:16 | SIUUUUUUUUUUUU · age_up castle |
| 17:40 | SIUUUUUUUUUUUU · first_building Monastery |
| 17:45 | Hz.Jesus · wall_segment Stone Wall x5 |
| 17:47 | SIUUUUUUUUUUUU · first_building Stable |
| 17:55 | SIUUUUUUUUUUUU · first_building Archery Range |
| 18:09 | Hz.Jesus · first_building Archery Range |
| 19:15 | theclimber2121 · first_building Stable |
| 19:21 | RADAMANTHYZ · first_building Castle |
| 20:34 | TheClangers · age_up castle |
| 21:02 | KingYankee1 · first_market_buy 100 food |
| 21:49 | SIUUUUUUUUUUUU · first_building Siege Workshop |
| 22:34 | KingYankee1 · wall_segment Stone Wall x11 |
| 23:34 | theclimber2121 · age_up castle |
| 23:50 | TheClangers · first_building Siege Workshop |
| 24:22 | Hz.Jesus · wall_segment Stone Wall x11 |
| 24:25 | Hz.Jesus · wall_segment Stone Wall x1 |
| 24:26 | Hz.Jesus · age_up castle |
| 24:53 | KingYankee1 · age_up castle |
| 27:14 | KingYankee1 · first_building Krepost |
| 27:48 | SIUUUUUUUUUUUU · first_building Castle |
| 28:14 | Hz.Jesus · wall_segment Stone Wall x19 |
| 30:18 | Hz.Jesus · wall_segment Stone Wall x10 |
| 30:41 | RADAMANTHYZ · first_building Monastery |
| 30:50 | Hz.Jesus · wall_segment Stone Wall x1 |
| 31:23 | TheClangers · first_market_buy 100 wood |
| 32:01 | RADAMANTHYZ · first_building Barracks |
| 32:56 | RADAMANTHYZ · first_building Stable |
| 33:12 | Hz.Jesus · first_building Castle |
| 33:44 | KingYankee1 · first_building Castle |
| 34:16 | RADAMANTHYZ · wall_segment Stone Wall x5 |
| 34:25 | RADAMANTHYZ · age_up imperial |
| 35:52 | theclimber2121 · wall_segment Stone Wall x22 |
| 36:04 | SIUUUUUUUUUUUU · first_market_buy 100 food |
| 36:10 | SIUUUUUUUUUUUU · first_market_sell 100 stone |
| 36:54 | RADAMANTHYZ · first_building Siege Workshop |
| 39:22 | SIUUUUUUUUUUUU · age_up imperial |
| 41:13 | Hz.Jesus · age_up imperial |
| 41:30 | SIUUUUUUUUUUUU · resign |
[ AI ANALYSIS · 1 CREDIT ]
What really happened in this match?
Wolo.gg analyzes every decision: build order, eco, micro, common mistakes by bracket. Personalized analysis on WhatsApp or Discord in 30 seconds.
Civ guide
Bulgarians
Perfil
Jugador #1166049